 Dungeon Crawl Stone Soup version 0.32-a0-576-g706899e69d (webtiles) character file.

Game seed: 7869792245099948522

6029 CowFu the Bludgeoner (level 10, -4/124 HPs)
             Began as a Mountain Dwarf Fighter on Mar 1, 2024.
             Was an Initiate of Gozag.
             Slain by a killer bee (8 damage)
             ... on level 8 of the Dungeon.
             The game lasted 00:13:10 (8822 turns).

CowFu the Bludgeoner (Mountain Dwarf Fighter)       Turns: 8822, Time: 00:13:11

Health: -4/124     AC:  8    Str: 23    XL:     10   Next: 56%
Magic:  10/10      EV:  7    Int:  9    God:    Gozag
Gold:   522        SH: 10    Dex: 15    Spells: 9/9 levels left

rFire   + . .        b - +0 morningstar (freeze)
rCold   . . .        k - +0 kite shield
rNeg    . . .        x - +0 chain mail {rF+}
rPois   .            (no helmet)
rElec   .            s - +0 cloak
rCorr   .            (no gloves)
SInv    .            e - +0 pair of boots {Stlth+}
Will    +....        (no amulet) Stlth
                     i - +6 ring of dexterity
HPRegen 0.40/turn    (no ring)
MPRegen 0.12/turn

%: no passive effects
@: berserking, lethally poisoned (-4 -> -6), corroded, gold aura, very quick
A: runic magic, artefact enchanting
a: Renounce Religion, Potion Petition, Call Merchant, Bribe Branch


You were on level 8 of the Dungeon.
You worshipped Gozag.
Gozag was pleased with you.
You visited 1 branch of the dungeon, and saw 8 of its levels.
You also visited: Sewer and Ossuary.

You collected 868 gold pieces.
You spent 210 gold pieces at shops.
You paid 136 gold pieces to Gozag.

Inventory:

Hand Weapons
 a - a +1 flail
 b - a +0 morningstar of freezing (weapon)
Armour
 e - a +0 pair of boots of stealth (worn)
 k - a +0 kite shield (worn)
 s - a +0 cloak (worn)
 x - a +0 chain mail of fire resistance (worn)
Jewellery
 i - a +6 ring of dexterity (left hand)
 C - the ring of Ickoykan {rPois rCorr MP+9 Str+9 Int-2}
   (You found it on level 8 of the Dungeon)

   [ring of magical power]

   Str+9:     It affects your strength (+9).
   Int-2:     It affects your intelligence (-2).
   rPois:     It protects you from poison.
   MP+9:      It affects your magic capacity (+9).
   rCorr:     It protects you from acid and corrosion.
 D - a ring of fire
 G - a ring of ice
Wands
 t - a wand of flame (34)
 u - a wand of mindburst (8)
 v - a wand of polymorph (13)
 y - a wand of acid (7)
Scrolls
 f - a scroll of fog
 A - a scroll of torment
 E - a scroll of teleportation
 F - a scroll of vulnerability
Potions
 c - a potion of haste
 d - 4 potions of might
 g - a potion of lignification
 h - 4 potions of cancellation
 j - 2 potions of brilliance
 l - 3 potions of curing
 m - 3 potions of degeneration
 n - a potion of berserk rage
 o - 2 potions of mutation {unknown}
 p - a potion of resistance {unknown}
 q - 2 potions of attraction {unknown}
 r - 3 potions of enlightenment {unknown}
 z - a potion of magic {unknown}
 B - a potion of invisibility {unknown}


   Skills:
 + Level 6.2 Fighting
 - Level 16.0 Maces & Flails
 + Level 6.2 Armour
 + Level 6.2 Shields
 + Level 1.3 Evocations


You had 9 spell levels left.
You didn't know any spells.
Your spell library contained the following spells:

 Spells                   Type           Power      Damage    Failure   Level
 Summon Small Mammal      Summ           0%         N/A       77%         1
 Ensorcelled Hibernation  Hex/Ice        0%         N/A       88%         2
 Call Canine Familiar     Summ           0%         N/A       98%         3
 Passwall                 Erth           0%         N/A       98%         3
 Swiftness                Air            0%         N/A       98%         3
 Tukima's Dance           Hex            0%         N/A       98%         3
 Animate Armour           Summ/Erth      0%         N/A       100%        4
 Dimensional Bullseye     Hex/Tloc       0%         N/A       100%        4
 Iskenderun's Mystic Bla  Conj/Tloc      0%         2d3       100%        4
 Summon Blazeheart Golem  Fire/Summ      0%         N/A       100%        4
 Summon Lightning Spire   Summ/Air       0%         N/A       100%        4
 Lee's Rapid Deconstruct  Erth           0%         3d4*      100%        5


Dungeon Overview and Level Annotations

Branches:
Dungeon (8/15)             Temple (0/1) D:5            Lair (0/5) D:8
  Sewer (visited)         Ossuary (visited)

Altars:
Gozag
Kikubaaqudgha
Qazlal
Ru
Sif Muna

Shops:
D:5 *   D:6 [

Annotations:
D:8 3 runed translucent doors, lucidstorm14's ghost, novice MiBe


Innate Abilities, Weirdness & Mutations

Your spellcasting is much less encumbered by armour.
You can use scrolls of enchantment on lesser artefacts.


Message History

You closely miss the acid dragon.
The acid dragon is almost dead.
You feel sick. The killer bee barely misses you.
You feel sick.
You sock the steam dragon! You freeze the steam dragon.
The steam dragon is heavily wounded.
You feel sick. You block the killer bee's attack.
You thump the steam dragon! You freeze the steam dragon.
You kill the steam dragon!
The killer bee stings you.
* * * LOW HITPOINT WARNING * * *
Your Evocations skill increases to level 1!
You impale the acid dragon!! You freeze the acid dragon.
You kill the acid dragon!
You feel sick.
The killer bee is engulfed in a cloud of scalding steam.
The killer bee barely misses you.
You barely miss the killer bee.
The killer bee is lightly wounded.
You feel sick.
The killer bee is engulfed in a cloud of scalding steam.
The killer bee is distracted by your dazzling golden aura.
You miss the killer bee.
The killer bee is no longer distracted by gold.
The killer bee buzzes angrily.
The killer bee is heavily wounded.
The killer bee is engulfed in a cloud of scalding steam.
The killer bee stings you but does no damage.
You miss the killer bee.
The killer bee is heavily wounded.
You feel sick. The killer bee stings you.
* * * LOW HITPOINT WARNING * * *
The killer bee is distracted by your dazzling golden aura.
You closely miss the killer bee.
The killer bee is no longer distracted by gold.
The killer bee buzzes angrily.
The killer bee is heavily wounded.
The killer bee stings you!
You die...
Your body crumbles into a pile of gold.

.. ..## #. #.## #..# #####.
#... #..## #..... #....#...#
. #..... ...#...# .. ###>..
.....## .. #..) #....# .#
###. #.y$.# ..# #.
..####.@$.#...##. #.
.....%........... #.
#######.###############.
#..........##.##......
###############.###..###.....
### #..##~..## #...#.# #.....
..###..#.....# ###...#
##..... #......+.....~
###.###...... ####...+..)..♣
#............


You could see a killer bee.

Vanquished Creatures
  Pikel (D:8)
  Joseph (D:8)
  A yak (D:8)
  A steam dragon (D:8)
  Menkaure (Ossuary)
  An acid dragon (D:8)
  2 water moccasins (D:8)
  3 sky beasts
  2 orc warriors
  6 black bears
  A crocodile (Sewer)
  2 ogres
  4 lemures (D:8)
  A phantom (D:4)
  4 kobold brigands
  4 bullfrogs
  2 gnoll sergeants
  7 scorpions
  3 wights (D:7)
  9 killer bees
  2 howler monkeys (D:6)
  4 centaur zombies (Ossuary)
  A bombardier beetle (D:4)
  A human zombie (Ossuary)
  3 hounds
  9 orc priests
  A jelly (D:6)
  2 gnoll boudas (D:7)
  Crazy Yiuf (D:5)
  A sleepcap (D:6)
  2 iguanas
  9 orc wizards
  An ogre zombie (Ossuary)
  6 mummies (Ossuary)
  12 gnolls
  11 adders
  A river rat (Sewer)
  2 shadow imps
  2 white imps
  4 adder zombies (Ossuary)
  3 dart slugs
  8 ribbon worms
  26 orcs
  9 ball pythons
  6 bats
  7 endoplasms
  8 giant cockroaches
  A gnoll zombie (Ossuary)
  7 goblins
  10 hobgoblins
  A jackal (D:1)
  5 quokkas
  6 frilled lizards
  2 goblin zombies (Ossuary)
  3 hobgoblin zombies (Ossuary)
  20 kobolds
  4 kobold zombies (Ossuary)
  An orc zombie (Ossuary)
  4 quokka zombies (Ossuary)
  6 rats
  5 rat zombies (Ossuary)
273 creatures vanquished.

Notes
Turn   | Place    | Note
-------+----------+-------------------------------------------
     0 | D:1      | CowFu the Mountain Dwarf Fighter began the quest for the
                  | Orb.
     0 | D:1      | Reached XP level 1. HP: 19/19 MP: 1/1
    67 | D:1      | Reached XP level 2. HP: 26/26 MP: 2/2
   616 | D:2      | Reached skill level 3 in Maces & Flails
   616 | D:2      | Reached XP level 3. HP: 27/33 MP: 3/3
  1372 | D:3      | Reached XP level 4. HP: 39/40 MP: 4/4
  1442 | D:3      | Found a glowing drain.
  1446 | Sewer    | Entered a sewer
  1490 | Sewer    | Noticed a crocodile
  1502 | Sewer    | Killed a crocodile
  1503 | Sewer    | Reached skill level 4 in Maces & Flails
  1503 | Sewer    | Reached XP level 5. HP: 4/47 MP: 5/5
  1769 | Sewer    | Reached skill level 5 in Fighting
  1769 | Sewer    | Reached skill level 5 in Maces & Flails
  1989 | Sewer    | Reached skill level 6 in Maces & Flails
  1989 | Sewer    | Reached XP level 6. HP: 21/56 MP: 6/6
  2437 | D:3      | Found a faded altar of an unknown god.
  3062 | D:3      | Identified a scroll of acquirement
  3062 | D:3      | Acquired a +0 pair of boots of stealth
  3201 | D:4      | Reached skill level 7 in Maces & Flails
  3290 | D:4      | Found a stormy altar of Qazlal.
  3308 | D:4      | Reached XP level 7. HP: 57/61 MP: 7/7
  3325 | D:4      | Reached skill level 8 in Maces & Flails
  3839 | D:5      | Entered Level 5 of the Dungeon
  3854 | D:5      | Reached skill level 9 in Maces & Flails
  4151 | D:5      | Reached XP level 8. HP: 63/68 MP: 8/8
  4299 | D:5      | Found a runed translucent door.
  4300 | D:5      | Noticed Crazy Yiuf
  4352 | D:5      | Found Ixietz's Serpentskin Sales.
  4680 | D:5      | Found a staircase to the Ecumenical Temple.
  4792 | D:5      | Killed Crazy Yiuf
  4853 | D:6      | Reached skill level 10 in Maces & Flails
  4995 | D:6      | Found Zycipoc's Antique Armour Emporium.
  5000 | D:6      | Bought a shiny chain mail for 210 gold pieces
  5024 | D:6      | Found a sand-covered staircase.
  5030 | Ossuary  | Entered an ossuary
  5340 | Ossuary  | Reached skill level 5 in Armour
  5340 | Ossuary  | Reached skill level 5 in Shields
  5414 | Ossuary  | Noticed Menkaure
  5483 | Ossuary  | Killed Menkaure
  5922 | D:6      | Reached XP level 9. HP: 31/75 MP: 9/9
  6167 | D:6      | Reached skill level 11 in Maces & Flails
  6269 | D:6      | You fall into a shaft and drop 1 floor!
  6269 | D:7      | Found an opulent altar of Gozag.
  6269 | D:7      | Found a shimmering blue altar of Sif Muna.
  6332 | D:7      | Reached skill level 12 in Maces & Flails
  6368 | D:7      | Became a worshipper of Gozag Ym Sagoz the Greedy
  6517 | D:7      | Found a sacrificial altar of Ru.
  6656 | D:7      | Reached skill level 13 in Maces & Flails
  7388 | D:8      | Identified the ring of Ickoykan {rPois rCorr MP+9 Str+9
                  | Int-2}
  7438 | D:8      | Reached skill level 14 in Maces & Flails
  7595 | D:8      | Reached XP level 10. HP: 17/83 MP: 10/10
  7802 | D:8      | Found an ancient bone altar of Kikubaaqudgha.
  7867 | D:8      | Noticed Joseph
  8375 | D:8      | Noticed Pikel
  8386 | D:8      | Killed Pikel
  8387 | D:8      | Reached skill level 15 in Maces & Flails
  8464 | D:8      | Found a runed translucent gate.
  8465 | D:8      | Found a runed translucent gate.
  8465 | D:8      | Found a runed translucent gate.
  8466 | D:8      | Noticed a ten-headed hydra
  8466 | D:8      | Noticed lucidstorm14's ghost (novice MiBe)
  8467 | D:8      | Noticed an 11-headed hydra
  8552 | D:8      | Found a staircase to the Lair.
  8760 | D:8      | Killed Joseph
  8761 | D:8      | Reached skill level 16 in Maces & Flails
  8818 | D:8      | Reached skill level 1 in Evocations
  8821 | D:8      | HP: 4/124 [killer bee (4)]
  8822 | D:8      | Slain by a killer bee

Illustrated notes

Levels and vault maps discovered:
D:1:      minmay_arrival_diagonal_passages, layout_basic, minmay_tiny_reverse_x
D:2:      wander_river, layout_loops_ring
D:3:      layout_basic, hellmonk_ecumenical_altar_zigzags,
          mainiacjoe_sewer_entry_somewhere_in_here_2, minmay_bisected
D:4:      layout_gridville, grunt_qazlal_sundering,
          serial_library_regret_index_split_case,
          hangedman_decor_clover_reticule
D:5:      layout_cave_pools, temple_hall, guppyfry_shop_venom,
          uniq_crazy_yiuf_cottage
D:6:      layout_rooms, serial_shops, kennysheep_little_box,
          nicolae_ossuary_entry_plus
D:7:      layout_loops_ring, nicolae_overflow_crystal_walls,
          mainiacjoe_overflow_divided_tiny
D:8:      minmay_recursive_quarters, layout_rooms,
          lemuel_coloured_pillars_altar, due_lair_maze_entry_diamond,
          serial_rivers, chequers_serial_rivers_small_3,
          chequers_serial_rivers_large_a, chequers_serial_rivers_room_b,
          chequers_serial_rivers_micro_b, chequers_serial_rivers_micro_b,
          chequers_serial_rivers_micro_b, serial_shops, nicolae_shop_waterfront,
          gammafunk_ghost_hydra_chop, uniq_grum, uniq_pikel, uniq_joseph

Skill      XL: |  1  2  3  4  5  6  7  8  9 10 |
---------------+-------------------------------+-----
Maces & Flails | 3 4 6 7 9 10 14 16 | 16.0
Armour         | 4 5 6 |  6.2
Shields        | 4 5 6 |  6.2
Fighting       | 4 5 6 |  6.2
Evocations     | 1 |  1.3

Action                     |  1- 3 |  4- 6 |  7- 9 | 10-12 || total
---------------------------+-------+-------+-------+-------++-------
  Melee: Flail             |   117 |   270 |    29 |       ||   416
         Morningstar       |       |       |   480 |   137 ||   617
    Use: Scroll            |     3 |     6 |    12 |     1 ||    22
         Potion            |       |     1 |     3 |     2 ||     6
   Stab: Distracted        |       |       |     1 |     1 ||     2
 Armour: Scale mail        |    69 |   147 |   140 |       ||   356
         Chain mail        |       |       |   243 |   115 ||   358
  Dodge: Dodged            |    54 |    80 |   117 |    46 ||   297
  Block: Buckler           |    11 |       |       |       ||    11
         Kite shield       |    40 |   134 |   243 |    84 ||   501

Table legend: (Time is in decaauts)
 A = Elapsed time spent in this place.
 B = Non-inter-level travel time spent in this place.
 C = Inter-level travel time spent in this place.
 D = Time resting spent in this place.
 E = Time spent auto-exploring this place.
 F = Levels seen in this place.
 G = Mean time per level.
                   A        B        C        D        E       F      G
               +--------+--------+--------+--------+--------+-----+--------+
         Total |   9058 |   8813 |    245 |      0 |   6517 |  10 |  905.8 |
       Dungeon |   7434 |   7189 |    245 |      0 |   5420 |   8 |  929.2 |
         Sewer |    789 |    789 |      0 |      0 |    539 |   1 |  789.0 |
       Ossuary |    834 |    834 |      0 |      0 |    558 |   1 |  834.0 |
               +--------+--------+--------+--------+--------+-----+--------+

Top non-repeatable levels by time:
     D:7: 1254 daAuts
     D:8: 1101 daAuts
     D:3: 1074 daAuts
     D:5: 1026 daAuts
     D:2: 883 daAuts
 Ossuary: 834 daAuts
   Sewer: 789 daAuts
     D:6: 787 daAuts
     D:4: 770 daAuts
     D:1: 537 daAuts
